AoeStats
← quiquito45

Fortress

508583233Analyzed
2v2 RM · 9d ago on Sep 23, 2026· 45m 41s· 4 players
Game mode
Random Map
Map size
Normal (6 player)
Population
200
Speed
Normal
Resources
Standard
Victory
Conquest
Starting age
Dark Age
Ending age
Imperial Age
RankedLock teamsTeams togetherTeam positionsShared explorationLock speedFull tech treeHidden civsTurbo modeCheats
Victory
Defeat
🇺🇸 Wei · United States
952
+16
🇺🇸 Byzantines · United States
859
+20
🇲🇽 Gurjaras · Mexico
1001
-20
🇨🇦 Japanese · Canada
891
-16
quiquito45
7:25 Feudal Age
13:49 Castle Age
11:49 Gold Mining
13:30 Loom
14:22 Wheelbarrow
18:16 Scale Mail Armor
18:27 Forging
18:15 Double-Bit Axe
19:39 Padded Archer Armor
24:25 Horse Collar
27:13 Gold Shaft Mining
30:56 Iron Casting
34:31 Imperial Age
33:53 Bow Saw
33:44 Heavy Plow
33:35 Stone Mining
34:57 Fletching
35:15 Scale Barding Armor
35:25 Chain Mail Armor
35:51 Fletching
36:23 Chain Barding Armor
36:04 Padded Archer Armor
38:52 Stone Shaft Mining
37:54 Heavy Camel Rider
38:35 Husbandry
44:44 Heated Shot
T270491
8:40 Feudal Age
9:44 Double-Bit Axe
13:48 Castle Age
13:10 Wheelbarrow
14:53 Bow Saw
20:49 Hand Cart
22:01 Loom
22:48 Forging
22:39 Scale Mail Armor
23:05 Horse Collar
23:18 Gold Mining
31:20 Imperial Age
29:47 Iron Casting
29:27 Chain Mail Armor
33:22 Blast Furnace
32:52 Plate Mail Armor
32:51 Elite Samurai
35:30 Elite Samurai
37:53 Conscription
37:40 Yasama
40:22 Two-Man Saw
jeremy.z
1:52 Loom
8:47 Feudal Age
13:39 Castle Age
12:25 Stone Mining
12:26 Double-Bit Axe
12:37 Gold Mining
12:43 Horse Collar
14:07 Fletching
17:59 Treadmill Crane
20:10 Ballistics
23:37 Murder Holes
28:01 Imperial Age
28:18 Wheelbarrow
30:24 Chemistry
29:25 Bodkin Arrow
29:40 Crossbowman
32:25 Hand Cart
34:10 Conscription
35:48 Bow Saw
35:44 Bracer
37:18 Thumb Ring
38:27 Husbandry
39:31 Arbalester
43:25 Hoardings
45:56 Padded Archer Armor
granttheath
6:58 Feudal Age
8:05 Gold Mining
8:02 Double-Bit Axe
8:00 Horse Collar
10:00 Stone Mining
11:06 Loom
14:34 Castle Age
14:48 Scale Barding Armor
14:55 Bloodlines
16:19 Bow Saw
17:23 Heavy Plow
18:11 Wheelbarrow
18:44 Husbandry
18:15 Light Cavalry
23:17 Chain Barding Armor
23:57 Forging
24:55 Gold Shaft Mining
24:21 Town Watch
27:20 Iron Casting
26:36 Fletching
27:14 Hand Cart
31:29 Imperial Age
33:54 Heavy Hei Guang Cavalry
35:38 Blast Furnace
34:34 Bodkin Arrow
37:25 Conscription
37:25 Town Patrol
38:29 Bracer
38:48 Hussar
41:43 Ming Guang Armor
Connection lost

Rejoining the realm…

Still unreachable

The connection could not be restored.

Session expired

The server has moved on; the page needs a fresh start.